 Dungeon Sprint DCSS version 0.31-a0-18-gea43df2a32 (webtiles) character file.

Game seed: 17620384038853977231

296 sircluck the Unseen (level 6, -4/40 HPs)
             Began as a Kobold Brigand on May 9, 2023.
             Succumbed to Sonja's poison
             ... in the Dungeon (Sprint I: "Red Sonja").
             The game lasted 00:01:31 (234 turns).

sircluck the Unseen (Kobold Brigand)                 Turns: 234, Time: 00:01:31

Health: -4/40      AC:  4    Str:  8    XL:     6   Next: 61%
Magic:  6/6        EV: 14    Int: 12    God:
Gold:   162        SH:  0    Dex: 19    Spells: 5/5 levels left

rFire   . . .        a - +2 dagger
rCold   . . .        (no shield)
rNeg    . . .        m - +0 leather armour {Will+}
rPois   .            (no helmet)
rElec   .            c - +0 cloak
rCorr   .            (no gloves)
SInv    .            (no boots)
Will    +....        (no amulet)
Stlth   +++++++      (no ring)
HPRegen 0.26/turn    (no ring)
MPRegen 0.10/turn

%: no teleportation
@: lethally poisoned (-4 -> -51)
A: small, no large weapons, nightstalker 3
a: no special abilities


You were in the Dungeon.
You visited 1 branch You collected 162 gold pieces.

Inventory:

Hand Weapons
 a - a +2 dagger (weapon)
Armour
 b - a +0 robe
 c - a +0 cloak (worn)
 m - a +0 leather armour of willpower (worn)
Wands
 l - a wand of charming (9)
Scrolls
 n - a scroll of silence {unknown}
Potions
 h - a potion of haste
 i - 2 potions of magic
 j - a potion of berserk rage


   Skills:
 + Level 4.8 Fighting
 + Level 5.6 Short Blades
 + Level 5.8 Throwing
 + Level 0.7 Armour
 + Level 2.0 Dodging
 + Level 15.1 Stealth


You had 5 spell levels left.
You didn't know any spells.
Your spell library was empty.

Dungeon Overview and Level Annotations

Branches:
Dungeon (1/1)

Altars:
Sif Muna
Vehumet
Wu Jian

Annotations:
D Sonja


Innate Abilities, Weirdness & Mutations

You are small and have problems with some larger weapons.
You are completely attuned to the shadows.


Message History

Sonja blinks!
You are too injured to fight recklessly!
Throw: dart (curare)
Press: ? - help, Q - select action, (/) - cycle Shift-Dir - straight line, f/p - Sonja
Aim: Sonja, wielding a +3 dagger of venom and quivering curare-tipped darts (moderately wounded, very poisoned, 21% to hit)
You throw a curare-tipped dart. The curare-tipped dart misses Sonja.
You feel very sick. Sonja completely misses you.
Sonja hits you with a +3 dagger of venom.
* * * LOW HITPOINT WARNING * * *
Sonja misses you.
You feel better. Sonja completely misses you. Sonja barely misses you.
Sonja hits you with a +3 dagger of venom.
You miss Sonja.
Sonja is moderately wounded.
Sonja hits you with a +3 dagger of venom.
* * * LOW HITPOINT WARNING * * *
You are poisoned.
Sonja hits you with a +3 dagger of venom.
* * * LOW HITPOINT WARNING * * *
You are more poisoned.
Sonja barely misses you.
You feel much better.
You feel very sick. Sonja closely misses you.
Sonja hits you with a +3 dagger of venom.
You are more poisoned.
Sonja barely misses you.
Sonja hits you with a +3 dagger of venom!
You are more poisoned.
Sonja hits you but does no damage.
You are more poisoned.
Sonja hits you with a +3 dagger of venom.
You are more poisoned.
Blink to where?
Press: ? - help, Q - select action, (/) - cycle Dir - move target, p - Sonja
As you read the scroll of blinking, it crumbles to dust.
* * * LOW HITPOINT WARNING * * *
You feel extremely sick.
You die...

################
#<.#.)'..#..'..#
#..'..#..').#..+
#..#####'#####@#
#..# #..# #.#
#..# #### ##)#
#..# #+#_.+
+..._# #_K#+#
##'# #.# $($


There were no monsters in sight!

Vanquished Creatures
  Sigmund (D)
  An ogre (D)
  A jelly (D)
  Ijyb (D)
4 creatures vanquished.

Notes
Turn   | Place    | Note
-------+----------+-------------------------------------------
     0 | D        | sircluck the Kobold Brigand began the quest for the Orb.
     0 | D        | Reached XP level 1. HP: 12/12 MP: 1/1
     2 | D        | Noticed Ijyb
     5 | D        | Killed Ijyb
     6 | D        | Reached skill level 8 in Stealth
     6 | D        | Reached XP level 2. HP: 18/18 MP: 2/2
     6 | D        | Reached XP level 3. HP: 22/22 MP: 3/3
    19 | D        | Noticed an ogre
    34 | D        | Killed an ogre
    35 | D        | Reached skill level 12 in Stealth
    35 | D        | Reached XP level 4. HP: 7/28 MP: 4/4
    35 | D        | Reached XP level 5. HP: 8/32 MP: 5/5
   140 | D        | Noticed Sigmund
   151 | D        | Killed Sigmund
   152 | D        | Reached skill level 5 in Short Blades
   152 | D        | Reached skill level 5 in Throwing
   152 | D        | Reached skill level 14 in Stealth
   152 | D        | Reached XP level 6. HP: 32/39 MP: 6/6
   188 | D        | Found an ornate altar of the Wu Jian Council.
   189 | D        | Found a shimmering blue altar of Sif Muna.
   190 | D        | Found a radiant altar of Vehumet.
   199 | D        | Reached skill level 15 in Stealth
   216 | D        | Noticed Sonja
   234 | D        | Succumbed to Sonja's poison

Illustrated notes

Levels and vault maps discovered:
D:        dungeon_sprint_1 [red_sonja_temple_1, red_sonja_temple_small_1]

Skill      XL: |  1  2  3  4  5  6 |
---------------+-------------------+-----
Short Blades   | 3 4 5 |  5.6
Stealth        | 8 12 14 15 | 15.1
Fighting       | 3 4 |  4.8
Throwing       | 3 5 |  5.8
Dodging        | 2 |  2.0
Armour         | |  0.7

Action                     |  1- 3 |  4- 6 || total
---------------------------+-------+-------++-------
  Melee: Dagger            |    12 |     7 ||    19
  Throw: Dart              |     3 |    25 ||    28
    Use: Potion            |       |     2 ||     2
         Scroll            |       |     1 ||     1
   Stab: Sleeping          |     1 |       ||     1
 Armour: Leather armour    |       |     2 ||     2
  Dodge: Dodged            |     5 |    14 ||    19

Table legend: (Time is in decaauts)
 A = Elapsed time spent in this place.
 B = Non-inter-level travel time spent in this place.
 C = Inter-level travel time spent in this place.
 D = Time resting spent in this place.
 E = Time spent auto-exploring this place.
 F = Levels seen in this place.
 G = Mean time per level.
                   A        B        C        D        E       F      G
               +--------+--------+--------+--------+--------+-----+--------+
         Total |    223 |    223 |      0 |     87 |     50 |   1 |  223.0 |
       Dungeon |    223 |    223 |      0 |     87 |     50 |   1 |  223.0 |
               +--------+--------+--------+--------+--------+-----+--------+

Top non-repeatable levels by time:
       D: 223 daAuts
